 Dungeon Crawl Stone Soup version 0.31-a0-986-g5e6e4ef867 (webtiles) character file.

Game seed: 10007056690298796191

20274 wildpjah the Basher (level 12, -7/95 HPs)
             Began as a Demonspawn Gladiator on Nov 21, 2023.
             Killed from afar by a tengu conjurer (18 damage)
             ... with a bolt of lightning
             ... on level 12 of the Dungeon.
             The game lasted 00:28:06 (11327 turns).

wildpjah the Basher (Demonspawn Gladiator)         Turns: 11327, Time: 00:28:07

Health: -7/95      AC: 25    Str: 24    XL:     12   Next: 43%
Magic:  12/12      EV:  6    Int: 11    God:
Gold:   872        SH:  0    Dex: 15    Spells: 11/11 levels left

rFire   . . .        e - +3 dire flail (heavy)
rCold   . . .        (shield currently unavailable)
rNeg    . . .        j - +0 crystal plate armour
rPois   +            G - +0 helmet
rElec   .            o - +0 cloak
rCorr   .            (no gloves)
SInv    .            W - +0 pair of boots
Will    .....        (no amulet) Stlth
                     p - ring of poison resistance
HPRegen 0.35/turn    s - +6 ring of strength
MPRegen 0.13/turn

%: no passive effects
@: no status effects
A: hooves 2, demonic guardian 3, powered by pain 1
a: no special abilities


You were on level 12 of the Dungeon.
You visited 1 branch of the dungeon, and saw 12 of its levels.

You collected 872 gold pieces.

Inventory:

Hand Weapons
 a - a +0 flail
 e - a +3 heavy dire flail (weapon)
 h - a +1 whip of electrocution
 A - a +1 orcbow of flaming
 J - a +4 mace of freezing
Missiles
 d - a throwing net
 l - 6 javelins
 F - 3 silver javelins
Armour
 b - a +0 leather armour
 j - a +0 crystal plate armour (worn)
 o - a +0 cloak (worn)
 G - a +0 helmet (worn)
 W - a +0 pair of boots (worn)
Jewellery
 p - a ring of poison resistance (left hand)
 r - a ring of protection from cold
 s - a +6 ring of strength (right hand)
 w - a ring of ice
 C - a ring of flight
 S - a ring of magical power
 T - a ring of willpower
Wands
 c - a wand of roots (7)
 q - a wand of flame (27) (quivered)
 U - a wand of mindburst (19)
 V - a wand of charming (7)
Scrolls
 f - 2 scrolls of fear {unknown}
 g - 2 scrolls of blinking {unknown}
 k - 3 scrolls of teleportation {unknown}
 t - 12 scrolls of identify {unknown}
 v - 2 scrolls of immolation {unknown}
 y - 2 scrolls of enchant armour {unknown}
 z - a scroll of enchant weapon {unknown}
 B - a scroll of vulnerability {unknown}
 D - 4 scrolls of noise {unknown}
 I - a scroll of revelation {unknown}
 L - a scroll of butterflies {unknown}
 P - a scroll of fog {unknown}
Potions
 i - 2 potions of resistance {unknown}
 m - a potion of degeneration {unknown}
 n - 7 potions of curing {unknown}
 u - 3 potions of magic {unknown}
 x - 3 potions of cancellation {unknown}
 E - 3 potions of haste {unknown}
 H - 4 potions of attraction {unknown}
 K - 3 potions of enlightenment {unknown}
 M - 2 potions of lignification {unknown}
 N - a potion of brilliance {unknown}
 O - a potion of heal wounds
 Q - a potion of mutation {unknown}
 R - a potion of invisibility {unknown}


   Skills:
 + Level 9.1 Fighting
 + Level 12.1 Maces & Flails
 + Level 4.7 Ranged Weapons
 - Level 2.6 Throwing
 + Level 11.2 Armour
 + Level 3.2 Dodging
 + Level 2.9 Stealth
 + Level 0.1 Evocations


You had 11 spell levels left.
You didn't know any spells.
Your spell library contained the following spells:

 Spells                   Type           Power      Damage    Failure   Level
 Summon Small Mammal      Summ           0%         N/A       100%        1
 Blink                    Tloc           0%         N/A       100%        2
 Ensorcelled Hibernation  Hex/Ice        0%         N/A       100%        2
 Passwall                 Tmut/Erth      0%         N/A       100%        2
 Sublimation of Blood     Necr           0%         N/A       100%        2
 Wereblood                Tmut           0%         N/A       100%        2
 Call Canine Familiar     Summ           0%         N/A       100%        3
 Summon Guardian Golem    Hex/Summ       0%         N/A       100%        3
 Swiftness                Air            0%         N/A       100%        3
 Manifold Assault         Tloc           0%         N/A       100%        4
 Vhi's Electric Charge    Tloc/Air       0%         N/A       100%        4
 Arcjolt                  Conj/Air       0%         1d10      100%        5
 Summon Forest            Summ/Tloc      0%         N/A       100%        5
 Eringya's Noxious Bog    Tmut/Pois      0%         4d6       100%        6
 Summon Hydra             Summ           0%         N/A       100%        7
 Maxwell's Capacitive Co  Air            0%         ∞         100%        8


Dungeon Overview and Level Annotations

Branches:
Dungeon (12/15)            Temple (0/1) D:4            Lair (0/5) D:8
    Orc (0/2) D:9

Altars:
Gozag
Okawaru
Ru
Wu Jian
Yredelemnul

Shops:
D:9 [


Innate Abilities, Weirdness & Mutations

You have hoof-like feet.
A powerful demonic guardian rushes to your aid.
You sometimes gain a little power by taking damage.


Message History

You are engulfed in blazing flames.
The fire crab breathes flames at you. The blast of flame engulfs you.
You are engulfed in blazing flames.
You bludgeon the fire crab!!
The fire crab is moderately wounded.
The fire crab bites you but does no damage.
The fire crab claws you.
You are engulfed in flames!
You bludgeon the fire crab!!
The fire crab is severely wounded.
The fire crab bites you but does no damage.
The fire crab claws you.
You are engulfed in flames!
You focus on the pain.
You feel very mighty all of a sudden.
The fire crab bites you but does no damage.
The fire crab claws you but does no damage.
You bludgeon the fire crab!!
You kill the fire crab!
There is an open door here.
You feel a little less mighty now.
You open the door.
A tengu conjurer comes into view.
The tengu conjurer shouts!
The tengu conjurer points at you and mumbles some strange words.
The bolt of lightning hits you! The bolt of lightning hits you!!
A demonic guardian appears!
You hear a shout! x7
A manticore comes into view.
Found a smoky emerald potion and 19 gold pieces.
There is an open door here.
You bludgeon the tengu conjurer!!
The tengu conjurer is severely wounded.
The tengu conjurer casts a spell at you.
The lance of force hits you.
You are knocked back by the lance of force.
You slam into the stone wall!
The tengu conjurer points at you and mumbles some strange words.
The bolt of lightning hits you!!
* * * LOW HITPOINT WARNING * * *
The bolt of lightning hits you!!
You die...

##.####....########
###..# #..######$#(###
#...## #...###...#..[###
#.###
...#+#.....#.....### #.#
..###....H!.#.......###
#.# .>###........
#.........### #.# #
......Q.#####....†....###
..# #'#.#.#÷#.....###.#
### ###2@.#^..###.###...#
#.....'.....###.....#
###...#...####......#
###.#.#'#..#.....†#
#####....#......# .#
#......)......' >#
###....#......# .#
###..#......# ###.#
####......#


You could see a manticore, a tengu conjurer (ally target) and a friendly reaper
(summoned).

Vanquished Creatures
  A sphinx (D:12)
  A vampire knight (D:12)
  A catoblepas (D:11)
  2 centaur warriors (D:8)
  3 boulder beetles
  2 two-headed ogres
  A fire crab (D:12)
  Pikel (D:6)
  2 ugly things
  3 manticores
  A cyclops (D:12)
  2 unseen horrors
  2 gargoyles
  A hornet (D:10)
  A tarantella (shapeshifter) (D:12)
  A wraith (D:11)
  Sigmund (D:4)
  2 shadows
  A vampire (D:8)
  A wyvern (D:10)
  3 yaks (D:10)
  6 vampire mosquitoes (D:12)
  2 steam dragons (D:8)
  A warg (D:8)
  3 water moccasins
  2 sky beasts
  4 orc warriors
  An ice beast (D:6)
  An ogre (D:3)
  3 black bears
  6 centaurs
  A phantom (D:6)
  4 bullfrogs
  3 kobold brigands (D:8)
  2 scorpions
  A gnoll sergeant (D:6)
  11 wights
  11 killer bees
  11 howler monkeys
  2 jellies
  6 hounds
  6 orc priests
  A gnoll bouda (D:3)
  2 sleepcaps
  Crazy Yiuf (D:2)
  5 iguanas
  9 orc wizards
  Robin (D:2)
  11 gnolls
  7 adders
  A shadow imp (D:6)
  A white imp (D:6)
  A worm (D:4)
  A dart slug (D:3)
  41 orcs
  8 bats
  10 endoplasms
  A giant cockroach (D:3)
  17 goblins
  8 hobgoblins
  6 jackals
  13 kobolds
  3 quokkas
  9 ball pythons
  3 frilled lizards
  10 rats
290 creatures vanquished.

Vanquished Creatures (collateral kills)
  A two-headed ogre (D:9)
  A wraith (D:8)
  Edmund (D:4)
  A warg (D:8)
  An orc warrior (D:9)
  2 centaurs
  6 orc priests
  2 orc wizards
  A gnoll (D:4)
  6 orcs
  A kobold (D:8)
23 creatures vanquished.

Grand Total: 313 creatures vanquished

Notes
Turn   | Place    | Note
-------+----------+-------------------------------------------
     0 | D:1      | wildpjah the Demonspawn Gladiator began the quest for the
                  | Orb.
     0 | D:1      | Reached XP level 1. HP: 16/16 MP: 1/1
    96 | D:1      | Gained mutation: You have large cloven feet. [demonic
                  | ancestry]
    96 | D:1      | Reached XP level 2. HP: 22/22 MP: 2/2
   167 | D:1      | Reached skill level 3 in Maces & Flails
   483 | D:1      | Reached XP level 3. HP: 18/27 MP: 3/3
  1126 | D:2      | Noticed Robin
  1160 | D:2      | Reached skill level 1 in Armour
  1160 | D:2      | Reached XP level 4. HP: 20/34 MP: 4/4
  1192 | D:2      | Killed Robin
  1290 | D:2      | Found a runed translucent door.
  1291 | D:2      | Noticed Crazy Yiuf
  1371 | D:2      | Killed Crazy Yiuf
  1676 | D:3      | Gained mutation: A weak demonic guardian rushes to your
                  | aid. [demonic ancestry]
  1676 | D:3      | Reached XP level 5. HP: 36/41 MP: 5/5
  1695 | D:3      | Noticed an ogre
  1713 | D:3      | Killed an ogre
  1714 | D:3      | Reached skill level 4 in Maces & Flails
  1988 | D:3      | Found an ornate altar of the Wu Jian Council.
  2137 | D:3      | Gained mutation: You sometimes gain a little power by
                  | taking damage. [demonic ancestry]
  2137 | D:3      | Reached XP level 6. HP: 36/47 MP: 6/6
  2589 | D:4      | Noticed Edmund
  2599 | D:4      | Killed Edmund
  2600 | D:4      | Reached skill level 5 in Maces & Flails
  2600 | D:4      | Gained mutation: You have hoof-like feet. [demonic
                  | ancestry]
  2600 | D:4      | Reached XP level 7. HP: 39/52 MP: 7/7
  2730 | D:4      | Found a staircase to the Ecumenical Temple.
  2735 | D:4      | Noticed Sigmund
  2740 | D:4      | Killed Sigmund
  3175 | D:5      | Entered Level 5 of the Dungeon
  3179 | D:5      | Reached skill level 1 in Stealth
  3443 | D:5      | Reached skill level 6 in Maces & Flails
  3443 | D:5      | Gained mutation: A demonic guardian rushes to your aid.
                  | [demonic ancestry]
  3443 | D:5      | Reached XP level 8. HP: 50/60 MP: 8/8
  3484 | D:5      | Reached skill level 5 in Armour
  3590 | D:5      | Found an opulent altar of Gozag.
  3713 | D:5      | Found a basalt altar of Yredelemnul.
  3852 | D:6      | Noticed Pikel
  3859 | D:6      | Killed Pikel
  3860 | D:6      | Reached skill level 7 in Maces & Flails
  3862 | D:6      | Reached skill level 5 in Fighting
  3862 | D:6      | Reached XP level 9. HP: 48/68 MP: 9/9
  4415 | D:6      | Reached skill level 8 in Maces & Flails
  4742 | D:7      | Killed an unseen horror
  5339 | D:7      | Identified the +1 buckler of the Tanner {-Cast rElec rCorr
                  | MP-9}
  5563 | D:8      | Reached skill level 9 in Maces & Flails
  5563 | D:8      | Gained mutation: A powerful demonic guardian rushes to your
                  | aid. [demonic ancestry]
  5563 | D:8      | Reached XP level 10. HP: 62/76 MP: 10/10
  5708 | D:8      | Found a staircase to the Lair.
  5739 | D:8      | Noticed a centaur warrior
  5744 | D:8      | Killed a centaur warrior
  5750 | D:8      | Noticed a gargoyle
  5751 | D:8      | Killed a gargoyle
  5803 | D:8      | Noticed a centaur warrior
  5810 | D:8      | Killed a centaur warrior
  5811 | D:8      | Reached skill level 10 in Maces & Flails
  5919 | D:8      | Noticed a manticore
  5959 | D:8      | Killed a manticore
  6464 | D:8      | Noticed a two-headed ogre
  6473 | D:8      | Killed a two-headed ogre
  6691 | D:9      | Noticed a green ugly thing
  6702 | D:9      | Killed a green ugly thing
  6703 | D:9      | Reached XP level 11. HP: 82/84 MP: 11/11
  6711 | D:9      | Noticed a two-headed ogre
  6715 | D:9      | Killed a two-headed ogre
  6716 | D:9      | Reached skill level 10 in Armour
  6839 | D:9      | Reached skill level 1 in Ranged Weapons
  7622 | D:9      | Found a staircase to the Orcish Mines.
  7695 | D:9      | Found Tesitarch's Antique Armour Emporium.
  7797 | D:10     | Entered Level 10 of the Dungeon
  7946 | D:10     | Found a sacrificial altar of Ru.
  8114 | D:10     | Found an iron altar of Okawaru.
  8958 | D:10     | Reached skill level 11 in Maces & Flails
  9095 | D:11     | Noticed a two-headed ogre
  9103 | D:11     | Killed a two-headed ogre
  9513 | D:11     | Noticed a boulder beetle
  9534 | D:11     | Killed a boulder beetle
  9861 | D:11     | Noticed a catoblepas
  9873 | D:11     | Killed a catoblepas
 10325 | D:12     | Noticed a white ugly thing
 10337 | D:12     | Killed a white ugly thing
 10338 | D:12     | Reached XP level 12. HP: 89/94 MP: 12/12
 10431 | D:12     | Noticed a boulder beetle
 10507 | D:12     | Killed a boulder beetle
 10773 | D:12     | Noticed a vampire knight
 10781 | D:12     | Killed a vampire knight
 10912 | D:12     | Noticed a boulder beetle
 10923 | D:12     | Killed a boulder beetle
 11065 | D:12     | Noticed a sphinx
 11071 | D:12     | Killed a sphinx
 11072 | D:12     | Reached skill level 12 in Maces & Flails
 11327 | D:12     | Killed from afar by a tengu conjurer

Illustrated notes

Levels and vault maps discovered:
D:1:      mrwooster_arrival_arrow, layout_basic
D:2:      layout_basic, serial_bayou_pond_c, dreamdust_wishing_well, uniq_robin,
          uniq_crazy_yiuf_cottage
D:3:      layout_rooms, nzn_wu_jian_council_hall
D:4:      layout_basic, minmay_temple_entry_grid, nicolae_eternal_life,
          fountainhead, uniq_sigmund, uniq_edmund
D:5:      layout_rooms, mainiacjoe_overflow_big_doors, serial_bayou_pond_e
D:6:      layout_gridville, grunt_ministairs_9, uniq_pikel
D:7:      layout_basic, roderic_roman_lattice
D:8:      layout_rooms, erik_lair_orcish_takeover, minmay_shattered_shrine
D:9:      layout_loops_ring, hiddenorc1_lemuel, serial_shops,
          nicolae_lakefront_shop, kennysheep_nub
D:10:     layout_roguey, mainiacjoe_overflow_24_doors, lemuel_crystal_altar
D:11:     layout_irregular_city
D:12:     nicolae_hexawheel, layout_rooms

Skill      XL: |  1  2  3  4  5  6  7  8  9 10 11 12 |
---------------+-------------------------------------+-----
Dodging        | 3 |  3.2
Maces & Flails | 3 4 5 6 7 9 10 11 12 | 12.1
Armour         | 1 2 3 4 6 8 9 10 11 | 11.2
Fighting       | 3 4 5 6 7 8 9 |  9.1
Throwing       | 2 |  2.6
Stealth        | 1 2 |  2.9
Ranged Weapons | 4 |  4.7
Evocations     | |  0.1

Action                     |  1- 3 |  4- 6 |  7- 9 | 10-12 || total
---------------------------+-------+-------+-------+-------++-------
  Melee: Flail             |   128 |   156 |       |       ||   284
         Kick              |    27 |    42 |    47 |    69 ||   185
         Punch             |       |     2 |       |     1 ||     3
         Dire flail        |       |       |   150 |   238 ||   388
         Whip              |       |       |    28 |    56 ||    84
         Mace              |       |       |       |    72 ||    72
   Fire: Orcbow            |       |       |       |    79 ||    79
  Throw: Javelin           |     1 |     1 |     1 |     1 ||     4
         Throwing net      |       |     4 |     1 |     5 ||    10
  Evoke: Wand              |       |       |       |     2 ||     2
    Use: Potion            |     1 |     1 |       |     2 ||     4
   Stab: Held in net/web   |       |     2 |       |     5 ||     7
         Distracted        |       |     2 |       |       ||     2
 Armour: Leather armour    |    59 |       |       |       ||    59
         Crystal plate arm |    83 |   251 |   291 |   542 ||  1167
  Dodge: Dodged            |    50 |    20 |    40 |   146 ||   256

Table legend: (Time is in decaauts)
 A = Elapsed time spent in this place.
 B = Non-inter-level travel time spent in this place.
 C = Inter-level travel time spent in this place.
 D = Time resting spent in this place.
 E = Time spent auto-exploring this place.
 F = Levels seen in this place.
 G = Mean time per level.
                   A        B        C        D        E       F      G
               +--------+--------+--------+--------+--------+-----+--------+
         Total |  11495 |  11155 |    340 |    827 |   8271 |  12 |  957.9 |
       Dungeon |  11495 |  11155 |    340 |    827 |   8271 |  12 |  957.9 |
               +--------+--------+--------+--------+--------+-----+--------+

Top non-repeatable levels by time:
    D:10: 1261 daAuts
     D:8: 1179 daAuts
     D:9: 1146 daAuts
    D:11: 1133 daAuts
    D:12: 1126 daAuts
     D:7: 962 daAuts
     D:2: 937 daAuts
     D:4: 845 daAuts
     D:3: 813 daAuts
     D:6: 744 daAuts
     D:5: 687 daAuts
     D:1: 655 daAuts
